 Dungeon Crawl Stone Soup version 0.30-a0-782-ge64f9170bb (webtiles) character file.

Game seed: 12660881506138705514

125054 Flugkiller the Maledictor (level 16, -1/76 HPs)
             Began as a Deep Elf Conjurer on Feb 20, 2023.
             Was an Elder of Sif Muna.
             Succumbed to Aizul's bolt of poison
             ... on level 1 of the Elven Halls.
             The game lasted 01:03:03 (33525 turns).

Flugkiller the Maledictor (Deep Elf Conjurer)      Turns: 33525, Time: 01:03:04

Health: -1/76      AC: 18    Str: 11    XL:     16   Next: 40%
Magic:  17/48      EV: 12    Int: 38    God:    Sif Muna [****..]
Gold:   1992       SH:  0    Dex: 14    Spells: 19/50 levels left

rFire   + . .      SeeInvis .    s - +3 dagger (venom)
rCold   . . .      Faith    .    (no shield)
rNeg    . . .      Spirit   +    W - +0 leather armour of Zeecyh {rElec rF+ Str+4 Dex-3}
rPois   .          Reflect  .    T - +2 hat of the Bear Spirit {Spirit, Bear, *Rage Will++}
rElec   +          Harm     .    l - +2 cloak
rCorr   .          Rampage  .    f - +2 pair of gloves
Will    +++..      Rage     20%  b - +2 pair of boots
Stlth   ++                       N - amulet "Qoarghok" {Acrobat MP+9}
HPRegen 0.32/turn                O - ring of Fiolech {AC+4 Str+3 Dex+4}
MPRegen 0.31/turn                G - +6 ring of intelligence

@: lethally poisoned (-1 -> -27)
A: no striking features
a: Renounce Religion, Channel Magic, Forget Spell, Divine Exegesis


You were on level 1 of the Elven Halls.
You worshipped Sif Muna.
Sif Muna was greatly pleased with you.
You visited 4 branches of the dungeon, and saw 24 of its levels.
You also visited: Gauntlet, Volcano and Wizlab.

You collected 2279 gold pieces.
You spent 287 gold pieces at shops.

Inventory:

Hand Weapons
 s - a +3 dagger of venom (weapon)
   (You took it off a goblin on level 4 of the Dungeon)
Missiles
 u - a curare-tipped dart
Armour
 b - a +2 pair of boots (worn)
   (You found it on level 1 of the Dungeon)
 f - a +2 pair of gloves (worn)
   (You found it on level 1 of the Dungeon)
 l - a +2 cloak (worn)
   (You found it on level 15 of the Dungeon)
 r - the +4 leather armour "Piujafio" {rF+ rCorr Int+2}
   (You found it on level 2 of the Elven Halls)

   Int:       It affects your intelligence (+2).
   rF:        It protects you from fire.
   rCorr:     It protects you from acid and corrosion.
 x - a +2 robe of cold resistance
   (You took it off Pikel on level 7 of the Dungeon)
 F - a +2 helmet
   (You found it on level 2 of the Dungeon)
 T - the +2 hat of the Bear Spirit (worn) {Spirit, Bear, *Rage Will++}
   (You found it on level 5 of the Lair of Beasts)

   Bear:      Going berserk makes the wearer tougher, and they're slowed less
   afterward.
   *Rage:     It berserks you when you make melee attacks (+20% chance).
   Will:      It greatly increases your willpower.
 W - the +0 leather armour of Zeecyh (worn) {rElec rF+ Str+4 Dex-3}
   (You bought it in a shop on level 1 of the Elven Halls)

   Str:       It affects your strength (+4).
   Dex:       It affects your dexterity (-3).
   rF:        It protects you from fire.
   rElec:     It insulates you from electricity.
Jewellery
 m - an amulet of regeneration
   (You found it on level 2 of the Dungeon)
 p - a ring of protection from fire
   (You found it on level 10 of the Dungeon)
 v - a +5 ring of evasion
   (You found it on level 14 of the Dungeon)
 G - a +6 ring of intelligence (right hand)
   (You found it on level 10 of the Dungeon)
 K - the ring "Gopil" {rPois SInv}
   (You found it in a Gauntlet)

   [ring of see invisible]

   rPois:     It protects you from poison.
   SInv:      It lets you see invisible.
 M - a ring of ice
   (You found it in a Gauntlet)
 N - the amulet "Qoarghok" (around neck) {Acrobat MP+9}
   (You found it in a Gauntlet)

   [amulet of the acrobat]

   It increases your evasion while moving and waiting.
   MP:        It affects your magic capacity (+9).
 O - the ring of Fiolech (left hand) {AC+4 Str+3 Dex+4}
   (You found it in a Gauntlet)

   [ring of protection]

   AC:        It affects your AC (+4).
   Str:       It affects your strength (+3).
   Dex:       It affects your dexterity (+4).
Wands
 a - a wand of acid (4)
   (You found it on level 4 of the Lair of Beasts)
 o - a wand of digging (5)
   (You found it in a Gauntlet)
 y - a wand of iceblast (5)
   (You found it in a Gauntlet)
 R - a wand of mindburst (13)
   (You found it on level 1 of the Lair of Beasts)
 Y - a wand of charming (7)
   (You found it on level 14 of the Dungeon)
Scrolls
 g - a scroll of magic mapping
 k - a scroll of fog
 t - 7 scrolls of teleportation
 z - 2 scrolls of blinking
 A - 3 scrolls of acquirement
 B - a scroll of fear
 C - a scroll of enchant armour
 D - 8 scrolls of vulnerability
 P - 2 scrolls of poison
 X - 2 scrolls of immolation
Potions
 c - 5 potions of mutation
 d - 3 potions of might
 e - 4 potions of flight
 h - 6 potions of haste
 i - 7 potions of brilliance
 j - 3 potions of invisibility
 n - a potion of resistance
 q - 5 potions of curing
 w - 2 potions of heal wounds
 E - 2 potions of magic
 I - a potion of ambrosia
 J - 2 potions of cancellation
 L - a potion of lignification
Miscellaneous
 Q - a tin of tremorstones (inert)
   (You found it on level 1 of the Lair of Beasts)


   Skills:
 - Level 2.4 Dodging
 - Level 2.4 Stealth
 + Level 17.8 Spellcasting
 * Level 19.7 Conjurations
 * Level 22.1 Hexes
 - Level 8.8 Translocations
 - Level 6.0 Invocations


You had 19 spell levels left.
You knew the following spells:

 Your Spells              Type           Power      Damage    Failure   Level
a - Magic Dart            Conj           100%       1d8       0%          1
b - Searing Ray           Conj           100%       2d8       0%          2
c - Iskenderun's Mystic   Conj/Tloc      97%        2d19      1%          4
d - Fulminant Prism       Conj/Hex       57%        3d24      0%          4
e - Discord               Hex            58%        N/A       1%          8
f - Enfeeble              Hex            58%        N/A       1%          7
i - Irradiate             Conj/Tmut      41%        3d25      1%          5

Your spell library contained the following spells:

 Spells                   Type           Power      Damage    Failure   Level
 Slow                     Hex            100%       N/A       0%          1
 Dazzling Flash           Conj/Hex       100%       N/A       0%          3
 Portal Projectile        Hex/Tloc       100%       N/A       0%          3
 Tukima's Dance           Hex            100%       N/A       0%          3
 Iskenderun's Battlesphe  Conj           100%       2d15      0%          5
 Apportation              Tloc           100%       N/A       1%          1
 Foxfire                  Conj/Fire      100%       2x1d9     1%          1
 Kiss of Death            Conj/Necr      100%       2d13      1%          1
 Necrotise                Necr           100%       1d9       1%          1
 Sandblast                Erth           66%        2d15      1%          1
 Shock                    Conj/Air       100%       1d9       1%          1
 Summon Small Mammal      Summ           100%       N/A       1%          1
 Blink                    Tloc           100%       N/A       1%          2
 Ensorcelled Hibernation  Hex/Ice        100%       N/A       1%          2
 Lesser Beckoning         Tloc           100%       N/A       1%          2
 Passwall                 Tmut/Erth      27%        N/A       1%          2
 Wereblood                Tmut           33%        N/A       1%          2
 Gell's Gravitas          Tloc           79%        N/A       1%          3
 Kindle Blastsparks       Fire/Tloc/Air  100%       2d18      1%          3
 Stone Arrow              Conj/Erth      100%       3d13      1%          3
 Teleport Other           Tloc           79%        N/A       1%          3
 Vhi's Electric Charge    Tloc/Air       100%       N/A       1%          3
 Flame Wave               Conj/Fire      83%        2d18      1%          4
 Leda's Liquefaction      Hex/Erth       43%        N/A       1%          4
 Manifold Assault         Tloc           79%        N/A       1%          4
 Arcjolt                  Conj/Air       41%        1d51      1%          5
 Summon Mana Viper        Hex/Summ       87%        N/A       1%          5
 Yara's Violent Unravell  Hex/Tmut       43%        3d17      1%          5
 Frozen Ramparts          Ice            66%        1d10      3%          3
 Ozocubu's Armour         Ice            33%        N/A       3%          3
 Swiftness                Air            33%        N/A       3%          3
 Iron Shot                Conj/Erth      41%        9d8       3%          6
 Starburst                Conj/Fire      41%        6d12      3%          6
 Dispersal                Tloc           39%        N/A       4%          6
 Animate Dead             Necr           33%        N/A       12%         4
 Ice Form                 Ice/Tmut       33%        N/A       12%         4
 Summon Ice Beast         Ice/Summ       33%        N/A       12%         4
 Alistair's Intoxication  Tmut/Pois      22%        N/A       32%         5
 Lee's Rapid Deconstruct  Erth           16%        3d10*     32%         5
 Lehudib's Crystal Spear  Conj/Erth      41%        10d10     80%         8
 Statue Form              Tmut/Erth      22%        N/A       88%         6
 Dragon Form              Tmut           16%        N/A       100%        7
 Haunt                    Necr/Summ      16%        N/A       100%        7
 Ozocubu's Refrigeration  Ice            16%        4d11      100%        7
 Storm Form               Tmut/Air       16%        N/A       100%        7
 Infestation              Necr           16%        N/A       100%        8
 Maxwell's Capacitive Co  Air            16%        ∞         100%        8
 Necromutation            Tmut/Necr      16%        N/A       100%        8
 Chain Lightning          Conj/Air       41%        3d55      100%        9


Dungeon Overview and Level Annotations

Branches:
Dungeon (15/15) Zot: 25469  Temple (0/1) D:7            Lair (5/5) D:10 Zot: 22205
  Swamp (0/4) Lair:2       Spider (0/4) Lair:3        Slime (0/5) Lair:4
    Orc (2/2) D:9 Zot: 9579     Elf (2/3) Orc:2 Zot: 9786  Vaults (0/5) D:14
Volcano (visited)          WizLab (visited)         Gauntlet (visited)
 Depths: D:15

Altars:
Okawaru
Ru
Sif Muna
Xom
Yredelemnul
Jiyva
Lugonu

Shops:
D:1 [   Orc:1 =   Orc:2 :(==(   Elf:1 *!!=*

Portals:
Abyss: Lair:5
Trove: D:15 (give +3 shadow dragon scales)

Annotations:
D:10 3 runed translucent doors, caveywoolpert's ghost, journeyman DsEE
D:14 exclusion: centaur warrior
Lair:5 2 transporters, MCDelver's ghost, journeyman OpFE
Elf:1 36 runed doors
Elf:2 Aizul


Message History

Aizul says, "Feeling sleepy?"
Aizul coils herself and waves her upper body at you.
The poison arrow hits you!!
You are poisoned.
You climb upwards.
Level annotation: 36 runed doors You feel extremely sick.
There is a stone staircase leading down here.
You start resting.
You feel very sick. x2
You feel sick. x8
You are no longer poisoned.
You start resting.
Magic restored.
You start resting.
HP restored.
You climb downwards.
Level annotation: Aizul
There is a stone staircase leading up here.
Casting: Fulminant Prism (safe; 0% risk of failure)
Confirm with . or Enter, or press ? or * to list all spells.
Aiming: Fulminant Prism (safe; 0% risk of failure)
Press: ? - help, Dir - move target You conjure a prism of explosive energy!
A fulminant prism comes into view.
Aizul hits your fulminant prism! x2
Your fulminant prism crackles loudly.
Aizul completely misses your fulminant prism.
Your fulminant prism explodes!
The blast of energy engulfs Aizul!!
Aizul is moderately wounded.
Casting: Fulminant Prism (safe; 0% risk of failure)
Confirm with . or Enter, or press ? or * to list all spells.
Aiming: Fulminant Prism (safe; 0% risk of failure)
Press: ? - help, Dir - move target You conjure a prism of explosive energy!
A fulminant prism comes into view.
Aizul completely misses your fulminant prism.
Aizul coils herself and waves her upper body at you.
The bolt of poison hits your fulminant prism.
Your fulminant prism completely resists.
The bolt of poison hits you.
You are poisoned.
You feel very sick. Aizul hits your fulminant prism!!
Your fulminant prism crackles loudly.
You feel very sick. Aizul casts a spell at you.
The bolt of poison hits your fulminant prism.
Your fulminant prism completely resists.
The bolt of poison misses you. Aizul hits your fulminant prism.
Your fulminant prism explodes!
The blast of energy engulfs Aizul!!
Aizul is heavily wounded.
Casting: Fulminant Prism (safe; 0% risk of failure)
Confirm with . or Enter, or press ? or * to list all spells.
Aiming: Fulminant Prism (safe; 0% risk of failure)
Press: ? - help, Dir - move target You conjure a prism of explosive energy!
A fulminant prism comes into view.
You feel very sick. Aizul hits your fulminant prism!
You feel very sick. Aizul hits your fulminant prism.
Aizul hits your fulminant prism but does no damage.
Your fulminant prism crackles loudly.
You feel sick. Aizul hits your fulminant prism!
Your fulminant prism explodes!
The blast of energy engulfs Aizul!!
Aizul is heavily wounded.
Casting: Fulminant Prism (safe; 0% risk of failure)
Confirm with . or Enter, or press ? or * to list all spells.
Aiming: Fulminant Prism (safe; 0% risk of failure)
Press: ? - help, Dir - move target You conjure a prism of explosive energy!
A fulminant prism comes into view.
You feel sick. Aizul hits your fulminant prism!!
Aizul coils herself and waves her upper body at you.
The bolt of poison hits your fulminant prism.
Your fulminant prism completely resists.
The bolt of poison hits you!!
You are more poisoned.
You feel very sick.
Aizul coils herself and waves her upper body at you.
The bolt of poison hits your fulminant prism.
Your fulminant prism completely resists.
The bolt of poison hits you!!
You are lethally poisoned!
Your fulminant prism crackles loudly.
* * * LOW HITPOINT WARNING * * *
You feel extremely sick. Aizul hits your fulminant prism.
Aizul hits your fulminant prism!!
Your fulminant prism explodes!
The blast of energy engulfs Aizul!
Aizul is severely wounded.
* * * LOW HITPOINT WARNING * * *
You feel extremely sick.
You climb upwards.
Level annotation: 36 runed doors You die...

.(.....<......(.'..## #.#
................#...###.#
....#[.)..#....##...'...#
...###...###...#....###'###
....#.....#....#..........##
#.............##...........##
##...........##.............#
##.........##.............##
#####...#####..@.........##
##.####'## ##..........##
.........# ##'#######'#
##.#####.#######.# ##.# #.#
#.........######..# #.#
#.######..........# #.# #.#
#.########.# #.# #.# #.#
###'## #.# #.# #.# ##....##


There were no monsters in sight!

Vanquished Creatures
  A tentacled starspawn (WizLab)
  Frances (D:13)
  2 sphinxes (WizLab)
  Donald (Orc:2)
  A nagaraja (WizLab)
  3 deep elf sorcerers
  A very ugly thing (WizLab)
  2 stone giants
  2 demonspawn corrupters (WizLab)
  A merfolk javelineer (WizLab)
  Josephine (D:15)
  A fire dragon (Volcano)
  4 deep elf high priests (WizLab)
  A great orb of eyes (Gauntlet)
  A great orb of eyes (shapeshifter) (Lair:5)
  4 hydras
  2 merfolk aquamancers (WizLab)
  6 boulder beetles
  10 dancing weapons
  Erica (Lair:2)
  4 two-headed ogres
  3 tengu warriors
  6 death yaks (Lair:5)
  2 thrashing horrors (Lair:5)
  An orc high priest (Orc:1)
  Nergalle (D:12)
  A fire crab (Lair:3)
  2 deep elf knights (Elf:1)
  A skyshark (Lair:3)
  A swamp dragon (Lair:4)
  2 orc knights (Orc:2)
  2 spriggan druids (WizLab)
  2 deep elf archers
  Pikel (D:7)
  A lindwurm (shapeshifter) (Lair:5)
  A lindwurm (Volcano)
  8 wizards
  8 deep elf pyromancers
  A large abomination (Lair:5)
  8 deep elf zephyrmancers
  2 necromancers (WizLab)
  2 cyclopes
  8 ugly things
  2 worldbinders (WizLab)
  3 manticores (D:14)
  2 orc sorcerers
  The ghost of Angani the Digger, a novice DrHW of Hepliaklqana (D:6)
  Maurice (D:13)
  A moth of wrath (shapeshifter) (D:14)
  18 elephants
  A guardian serpent (WizLab)
  Joseph (D:7)
  4 black mambas
  2 smoke demons (Lair:5)
  A torpor snail (Lair:3)
  2 gargoyles
  10 cane toads
  An efreet (D:14)
  6 komodo dragons
  3 kobold demonologists (D:14)
  An ice devil (Gauntlet)
  A tengu conjurer (D:14)
  3 ancient zymes (Lair:5)
  6 trolls
  3 meliai (D:14)
  A queen bee (shapeshifter) (Lair:5)
  3 polar bears
  19 blink frogs
  9 dream sheep
  5 hornets
  A blink frog (shapeshifter) (WizLab)
  A jumping spider (shapeshifter) (D:13)
  A vampire (D:12)
  2 air elementals (Elf:1)
  3 jumping spiders (Lair:3)
  A water elemental (Elf:2)
  2 spriggans (Lair:5)
  2 shadows
  2 ynoxinuls
  7 fire bats
  63 yaks
  7 wraiths
  8 basilisks
  2 chaos spawn (D:9)
  4 wyverns
  A hog (shapeshifter) (D:14)
  11 vampire mosquitoes
  Menkaure (D:5)
  A redback (shapeshifter) (D:14)
  2 redbacks (Lair:3)
  2 steam dragons (Volcano)
  4 acid dragons
  2 hell hounds (Volcano)
  Duvessa (D:7)
  2 floating eyes (D:10)
  9 water moccasins
  29 orc warriors
  2 ice beasts
  2 swamp drakes (Lair:4)
  A hornet zombie (D:8)
  2 sky beasts (D:8)
  3 black bears
  3 ogres
  3 boggarts
  11 small abominations (Lair:5)
  8 wolves
  13 centaurs
  3 lemures (D:7)
  16 bullfrogs
  8 kobold brigands
  Blork the orc (D:5)
  3 necrophages (D:8)
  2 earth elementals
  4 scorpions
  5 wights (D:8)
  Dowan (D:7)
  6 killer bees
  4 howler monkeys
  2 centaur zombies (D:8)
  5 jellies
  A human zombie (D:8)
  12 orc priests
  3 iron imps (Gauntlet)
  Crazy Yiuf (D:3)
  4 iguanas
  Ijyb (D:3)
  19 orc wizards
  4 hell rats (Lair:4)
  2 killer bee zombies (D:8)
  3 mummies (D:8)
  11 gnolls
  6 adders
  A shadow imp (D:7)
  2 white imps
  3 dart slugs
  68 orcs
  12 ball pythons
  7 endoplasms
  6 giant cockroaches
  4 hobgoblins
  7 jackals
  6 quokkas
  3 bats
  4 frilled lizards
  3 goblins
  42 kobolds
  5 rats
  A fulminant prism (D:11)
  2 starspawn tentacles (WizLab)
746 creatures vanquished.

Vanquished Creatures (collateral kills)
  A demonspawn corrupter (WizLab)
  2 deep elf pyromancers (Elf:1)
  A deep elf zephyrmancer (Elf:1)
  A fulminant prism (WizLab)
5 creatures vanquished.

Vanquished Creatures (others)
  A wizard (WizLab)
  An air elemental (Elf:2)
  An orc (Orc:1)
  22 demonic plants (Gauntlet)
  424 fulminant prisms
  57 fungi
  76 plants
  14 withered plants (Gauntlet)
596 creatures vanquished.

Grand Total: 1347 creatures vanquished

Notes
Turn   | Place    | Note
-------+----------+-------------------------------------------
     0 | D:1      | Flugkiller the Deep Elf Conjurer began the quest for the
                  | Orb.
     0 | D:1      | Reached XP level 1. HP: 10/10 MP: 6/6
   195 | D:1      | Reached XP level 2. HP: 15/15 MP: 1/8
   260 | D:1      | Learned a level 2 spell: Searing Ray
   386 | D:1      | Found Hyditisu's Armour Boutique.
   527 | D:1      | Reached XP level 3. HP: 19/19 MP: 7/10
   631 | D:1      | Reached skill level 5 in Conjurations
   641 | D:1      | Found a faded altar of an unknown god.
  1330 | D:3      | Noticed Ijyb
  1354 | D:3      | Killed Ijyb
  1355 | D:3      | Reached XP level 4. HP: 23/24 MP: 0/12
  1524 | D:3      | Learned a level 4 spell: Iskenderun's Mystic Blast
  1529 | D:3      | Learned a level 4 spell: Fulminant Prism
  1800 | D:3      | Reached skill level 5 in Spellcasting
  1857 | D:3      | Found a runed translucent door.
  1858 | D:3      | Noticed Crazy Yiuf
  1864 | D:3      | Killed Crazy Yiuf
  1865 | D:3      | Reached skill level 1 in Hexes
  2024 | D:4      | Reached XP level 5. HP: 28/28 MP: 6/14
  2025 | D:4      | Reached skill level 1 in Translocations
  2218 | D:4      | Reached skill level 2 in Hexes
  2447 | D:4      | Reached XP level 6. HP: 24/32 MP: 12/16
  2603 | D:4      | Found a shimmering blue altar of Sif Muna.
  2603 | D:4      | Found an iron altar of Okawaru.
  2653 | D:4      | Found a sacrificial altar of Ru.
  2717 | D:5      | Entered Level 5 of the Dungeon
  2731 | D:5      | Noticed Menkaure
  2734 | D:5      | Killed Menkaure
  2735 | D:5      | Reached skill level 3 in Hexes
  2795 | D:5      | Noticed Blork the orc
  2847 | D:4      | Became a worshipper of Sif Muna the Loreminder
  2889 | D:5      | Reached XP level 7. HP: 36/36 MP: 6/18
  3010 | D:5      | Reached skill level 4 in Hexes
  3349 | D:5      | Killed Blork the orc
  3611 | D:5      | Identified the +2 ring mail "Ruarop" {rF++}
  3716 | D:5      | Reached skill level 5 in Hexes
  3716 | D:5      | Reached XP level 8. HP: 35/41 MP: 12/21
  3986 | D:6      | Noticed Angani's ghost (novice DrHW)
  3990 | D:6      | Found a runed translucent door.
  3997 | D:6      | Reached * piety under Sif Muna
  4565 | D:6      | Reached skill level 6 in Hexes
  4565 | D:6      | Reached skill level 5 in Translocations
  5330 | D:6      | Killed Angani's ghost
  5331 | D:6      | Reached skill level 7 in Hexes
  5331 | D:6      | Reached XP level 9. HP: 41/45 MP: 11/23
  5542 | D:7      | Found a staircase to the Ecumenical Temple.
  5582 | D:7      | Noticed Duvessa
  5582 | D:7      | Noticed Dowan
  5594 | D:7      | Killed Duvessa
  5595 | D:7      | Killed Dowan
  5794 | D:7      | Found a shimmering altar of Xom.
  5823 | D:7      | Noticed Joseph
  5887 | D:7      | Killed Joseph
  6055 | D:7      | Noticed Pikel
  6092 | D:7      | Killed Pikel
  6093 | D:7      | Reached skill level 8 in Hexes
  6916 | D:8      | Reached skill level 10 in Spellcasting
  6965 | D:8      | Reached ** piety under Sif Muna
  7479 | D:8      | Reached skill level 9 in Hexes
  7479 | D:8      | Reached XP level 10. HP: 44/50 MP: 2/26
  7917 | D:8      | Found a basalt altar of Yredelemnul.
  8330 | D:8      | Noticed a two-headed ogre
  8345 | D:8      | Killed a two-headed ogre
  8346 | D:8      | Reached skill level 10 in Conjurations
  8623 | D:9      | Found the +7 mace of Variability {chaos, chain chaos}
  8626 | D:9      | Found a shimmering altar of Xom.
  8635 | D:9      | Reached skill level 10 in Hexes
  8963 | D:9      | Reached *** piety under Sif Muna
  9427 | D:9      | Found a staircase to the Orcish Mines.
  9910 | D:10     | Entered Level 10 of the Dungeon
 10216 | D:10     | Reached skill level 11 in Hexes
 10293 | D:10     | Noticed a two-headed ogre
 10296 | D:10     | Killed a two-headed ogre
 10297 | D:10     | Reached XP level 11. HP: 54/54 MP: 14/28
 10386 | D:10     | Found a runed translucent gate.
 10387 | D:10     | Found a runed translucent gate.
 10389 | D:10     | Found a runed translucent gate.
 10389 | D:10     | Noticed caveywoolpert's ghost (journeyman DsEE)
 10411 | D:10     | Paralysed by a floating eye for 2 turns
 10423 | D:10     | Noticed an orc sorcerer
 10426 | D:10     | Killed an orc sorcerer
 10890 | D:10     | Reached skill level 12 in Hexes
 10895 | D:10     | Reached **** piety under Sif Muna
 11405 | D:10     | Found a staircase to the Lair.
 11864 | D:11     | Noticed a two-headed ogre
 11881 | D:11     | Killed a two-headed ogre
 11882 | D:11     | Reached skill level 13 in Hexes
 12180 | D:11     | Noticed a boulder beetle
 12199 | D:11     | Killed a boulder beetle
 13016 | Lair:1   | Entered Level 1 of the Lair of Beasts
 13071 | Lair:1   | Reached XP level 12. HP: 56/59 MP: 12/30
 13090 | Lair:1   | Found a gate leading to a gauntlet.
 13099 | Gauntlet | Entered a Gauntlet
 13099 | Gauntlet | Found a transporter.
 13109 | Gauntlet | Found a transporter.
 13124 | Gauntlet | Found a transporter.
 13129 | Gauntlet | Found a transporter.
 13148 | Gauntlet | Found a transporter.
 13163 | Gauntlet | Found a transporter.
 13175 | Gauntlet | Found a transporter.
 13178 | Gauntlet | Noticed a quicksilver ooze
 13184 | Gauntlet | Noticed a catoblepas
 13187 | Gauntlet | Found a transporter.
 13195 | Gauntlet | Noticed a great orb of eyes
 13199 | Gauntlet | Found a transporter.
 13211 | Gauntlet | Found a transporter.
 13228 | Gauntlet | Found a transporter.
 13228 | Gauntlet | Found a transporter.
 13248 | Gauntlet | Found a transporter.
 13268 | Gauntlet | Found a transporter.
 13290 | Gauntlet | Found a transporter.
 13367 | Gauntlet | Found a transporter.
 13394 | Gauntlet | Found a transporter.
 13412 | Gauntlet | Found a transporter.
 13790 | Gauntlet | Reached skill level 14 in Hexes
 13879 | Gauntlet | Killed a great orb of eyes
 13983 | Gauntlet | Identified the ring "Gopil" {rPois SInv}
 13987 | Gauntlet | Identified the +8 trident "Wusuzxyq" {antimagic, Int+5}
 14055 | Gauntlet | Noticed a minotaur
 14059 | Gauntlet | Identified the amulet "Qoarghok" {Acrobat MP+9}
 14059 | Gauntlet | Identified the ring of Fiolech {AC+4 Str+3 Dex+4}
 14762 | Lair:2   | Noticed Erica
 14768 | Lair:2   | Killed Erica
 14780 | Lair:2   | Reached ***** piety under Sif Muna
 14913 | Lair:2   | Found a dark tunnel.
 14924 | Volcano  | Entered a volcano
 14951 | Volcano  | Received a gift from Sif Muna
 15087 | Volcano  | Noticed a fire dragon
 15171 | Volcano  | Killed a fire dragon
 15172 | Volcano  | Reached skill level 15 in Hexes
 15956 | Lair:2   | Found a staircase to the Swamp.
 16538 | Lair:3   | Reached skill level 16 in Hexes
 16538 | Lair:3   | Reached XP level 13. HP: 37/63 MP: 2/32
 17017 | Lair:3   | Found a hole to the Spider Nest.
 17030 | Lair:3   | Received a gift from Sif Muna
 17031 | Lair:3   | Got Sif Muna's Catalogue of Conjuration and the Arsonist
                  | {god gift}
 17421 | Lair:3   | Reached skill level 15 in Conjurations
 17960 | Lair:4   | Found a staircase to the Slime Pits.
 17960 | Lair:4   | Found a viscous altar of Jiyva.
 18371 | Lair:4   | Reached skill level 17 in Hexes
 19515 | Lair:5   | Entered Level 5 of the Lair of Beasts
 19518 | Lair:5   | Received a gift from Sif Muna
 19530 | Lair:5   | Got Sif Muna's Anthology of the Wild Brume {god gift}
 19693 | Lair:5   | Reached skill level 15 in Spellcasting
 19708 | Lair:5   | Reached skill level 18 in Hexes
 19853 | Lair:5   | Identified the +8 flail "Bemiy" {elec, Fly rPois Dex-4}
 19947 | Lair:5   | Reached XP level 14. HP: 68/68 MP: 12/35
 19981 | Lair:5   | Reached skill level 1 in Invocations
 20325 | Lair:5   | Found a transporter.
 20344 | Lair:5   | Noticed MCDelver's ghost (journeyman OpFE)
 20372 | Lair:5   | Found a transporter.
 20588 | Lair:5   | Reached skill level 5 in Invocations
 21220 | Lair:5   | Found the +2 hat of the Bear Spirit {Spirit, Bear, *Rage
                  | Will++}
 22017 | Lair:5   | Found a corrupted altar of Lugonu.
 22017 | Lair:5   | Found a one-way gate to the infinite horrors of the Abyss.
 22558 | D:12     | Noticed Nergalle
 22564 | D:12     | Killed Nergalle
 22565 | D:12     | Reached skill level 19 in Hexes
 22974 | D:13     | Received a gift from Sif Muna
 22975 | D:13     | Got Sif Muna's Precepts of Beguiling Changes {god gift}
 23018 | D:13     | Noticed Maurice
 23182 | D:13     | Killed Maurice
 23787 | D:13     | Noticed Frances
 23800 | D:13     | Killed Frances
 24823 | D:14     | Reached XP level 15. HP: 72/72 MP: 34/37
 25072 | D:14     | Found a gate to the Vaults.
 25874 | D:15     | Entered Level 15 of the Dungeon
 25895 | D:15     | Found a portal to a secret trove of treasure.
 26306 | D:15     | Noticed Josephine
 26315 | D:15     | Killed Josephine
 26316 | D:15     | Reached skill level 20 in Hexes
 27257 | Orc:1    | Entered Level 1 of the Orcish Mines
 27257 | Orc:1    | Found Mired's Jewellery Shop.
 27773 | Orc:2    | Entered Level 2 of the Orcish Mines
 27969 | Orc:2    | Received a gift from Sif Muna
 27972 | Orc:2    | Got Sif Muna's Incunable of Fascination and Attacks {god
                  | gift}
 28390 | Orc:2    | Noticed Donald
 28695 | Orc:2    | Killed Donald
 29256 | Orc:2    | Found Qinuaqoe's Firing Range.
 29393 | Orc:2    | Found a staircase to the Elven Halls.
 29480 | Orc:2    | Found Jaweceamo's Jewellery Emporium.
 29480 | Orc:2    | Found Wiesenod's Antique Weapon Boutique.
 29482 | Orc:2    | Found Oraitzuj's Book Shop.
 29484 | Orc:2    | Found Esaoff's Jewellery Shoppe.
 29772 | Orc:2    | Learned a level 8 spell: Discord
 29780 | Orc:2    | Learned a level 7 spell: Enfeeble
 29808 | Elf:1    | Entered Level 1 of the Elven Halls
 29999 | Elf:1    | Found Quhuf's Distillery.
 30101 | Elf:1    | Found Bosuijoo's Jewellery Boutique.
 30101 | Elf:1    | Found Ofihedacwi's Assorted Antiques.
 30106 | Elf:1    | Bought a potion of heal wounds for 70 gold pieces
 30106 | Elf:1    | Found Otoh's Distillery.
 30115 | Elf:1    | Bought a faintly glowing leather armour for 217 gold pieces
 30115 | Elf:1    | Identified the +0 leather armour of Zeecyh {rElec rF+ Str+4
                  | Dex-3} (You bought it in a shop on level 1 of the Elven
                  | Halls)
 30123 | Elf:1    | Found a huge runed gate.
 30123 | Elf:1    | Found a huge runed gate.
 30123 | Elf:1    | Found a huge runed gate.
 30126 | Elf:1    | Found a huge runed gate.
 30127 | Elf:1    | Found a huge runed gate.
 30128 | Elf:1    | Found a huge runed gate.
 30128 | Elf:1    | Found a huge runed gate.
 30128 | Elf:1    | Found a huge runed gate.
 30129 | Elf:1    | Found a huge runed gate.
 30129 | Elf:1    | Found a huge runed gate.
 30129 | Elf:1    | Found a huge runed gate.
 30130 | Elf:1    | Found a huge runed gate.
 30131 | Elf:1    | Found a huge runed gate.
 30132 | Elf:1    | Found a huge runed gate.
 30133 | Elf:1    | Found a huge runed gate.
 30134 | Elf:1    | Found a huge runed gate.
 30159 | Elf:1    | Found a huge runed gate.
 30160 | Elf:1    | Found a huge runed gate.
 30251 | Elf:1    | Found a huge runed gate.
 30251 | Elf:1    | Found a huge runed gate.
 30251 | Elf:1    | Found a huge runed gate.
 30251 | Elf:1    | Found a huge runed gate.
 30251 | Elf:1    | Found a huge runed gate.
 30251 | Elf:1    | Found a huge runed gate.
 30251 | Elf:1    | Found a huge runed gate.
 30251 | Elf:1    | Found a huge runed gate.
 30251 | Elf:1    | Found a huge runed gate.
 30273 | Elf:1    | Found a huge runed gate.
 30273 | Elf:1    | Found a huge runed gate.
 30273 | Elf:1    | Found a huge runed gate.
 30273 | Elf:1    | Found a huge runed gate.
 30273 | Elf:1    | Found a huge runed gate.
 30273 | Elf:1    | Found a huge runed gate.
 30274 | Elf:1    | Found a huge runed gate.
 30275 | Elf:1    | Found a huge runed gate.
 30276 | Elf:1    | Found a huge runed gate.
 30361 | Elf:1    | Noticed a deep elf sorcerer
 30368 | Elf:1    | Killed a deep elf sorcerer
 30588 | Elf:1    | Found Uchayd's Assorted Antiques.
 30805 | Elf:1    | Reached skill level 21 in Hexes
 31502 | Elf:2    | Identified the +4 leather armour "Piujafio" {rF+ rCorr
                  | Int+2}
 31528 | Elf:2    | Found a magical portal.
 31556 | WizLab   | Entered Alistair's Party Mansion
 32151 | WizLab   | Reached XP level 16. HP: 67/76 MP: 34/39
 32188 | WizLab   | Noticed a sphinx
 32200 | WizLab   | Killed a sphinx
 32517 | WizLab   | Noticed an acid blob
 32518 | WizLab   | Noticed an acid blob
 32518 | WizLab   | Noticed a sphinx
 32519 | WizLab   | Noticed a tentacled starspawn
 32530 | WizLab   | Killed a sphinx
 32556 | WizLab   | Noticed a sphinx
 32622 | WizLab   | Killed a tentacled starspawn
 32650 | WizLab   | Identified a scroll of acquirement
 32725 | WizLab   | Reached skill level 22 in Hexes
 32807 | WizLab   | Noticed a sphinx
 32807 | WizLab   | Noticed an ancient champion
 32807 | WizLab   | Noticed an ancient champion
 32875 | WizLab   | Got Sif Muna's Atlas of the Panacea and the Shift
 33124 | Elf:2    | Learned a level 5 spell: Irradiate
 33297 | Elf:2    | Noticed Aizul
 33525 | Elf:1    | Succumbed to Aizul's bolt of poison

Illustrated notes

Levels and vault maps discovered:
D:1:      dpeg_arrival_shelter, layout_rooms, serial_shops,
          nicolae_shop_behind_doors, chequers_ecumenical_altar_lobes,
          corexii_item_surrounded_by_moat, minmay_shallow_snake_nest
D:2:      layout_basic
D:3:      layout_basic, uniq_crazy_yiuf_cottage, uniq_ijyb
D:4:      layout_rooms, gammafunk_temple_overflow_wave,
          mainiacjoe_overflow_24_doors
D:5:      layout_loops_ring, serial_bayou, serial_bayou_shore_a,
          serial_bayou_pond_c, serial_bayou_pond_a, serial_bayou_pond_d,
          serial_park_tiny_2, uniq_blork_the_orc, uniq_menkaure
D:6:      layout_basic, hellmonk_ghost_happy_afterlife, serial_bayou_crossing
D:7:      layout_basic, overflow_temple_1_default,
          minmay_temple_entry_antechambers, uniq_pikel, uniq_duvessa,
          uniq_joseph
D:8:      layout_basic, lemuel_mausoleum_altar_yredelemnul,
          kennysheep_generic_room_4
D:9:      layout_basic, orc_0_dummy, minmay_guarded_unrand_variability
D:10:     hellmonk_paralyzer, layout_cave_pods, grunt_lair_entry_orc_guard_hut,
          ebering_ghost_rock_garden, minmay_unpleasant_kobolds
D:11:     layout_basic
D:12:     layout_cave_pools, uniq_nergalle
D:13:     layout_big_octagon, serial_co_window_serial, co_window_cross_1,
          co_window_paths_a, co_window_paths_a, co_window_paths_a,
          co_window_paths_a, co_window_paths_a, co_window_paths_a,
          co_window_paths_a, co_window_paths_a, co_window_broadway_b,
          co_window_2corner, co_window_paths_c, co_window_corner_b,
          uniq_maurice, uniq_frances
D:14:     layout_long_grid, erik_vaults_1, infiniplex_staircase_9_rooms,
          drop_trap
D:15:     grunt_enter_depths_snipers, layout_stronghold, dk_noncrumbling_3,
          nicolae_trove_entry_crossroad, uniq_josephine
Lair:1:   layout_regular_city, gauntlet_entry_generic
Lair:2:   layout_gridlike, swamp_mist, nicolae_volcano_entry_batcave,
          serial_bayou_lagoon_b, uniq_erica
Lair:3:   hellmonk_ruined_rings, layout_layer_cave, spider_nest_entry_a
Lair:4:   layout_regular_city, nicolae_slime_entry_slimehenge, pond
Lair:5:   hellmonk_lair_end_abyssal_woods, layout_gridlike, nzn_ghost_randoct
Orc:1:    layout_caves, serial_shops, shop
Orc:2:    st_orc_rangers, layout_caves, nicolae_shop_firing_range, uniq_donald
Elf:1:    minmay_elf_arrival_circle, layout_gridlike, serial_shops, shop,
          hangedman_elf_disciples, not_door_vault_mu, minmay_shoptagon
Elf:2:    nicolae_elf_blades_crystal_corner, layout_loops_corners,
          infiniplex_enter_wizlab_spiral, minivault_11, uniq_aizul,
          uniq_asterion

Skill      XL: |  1  2  3  4  5  6  7  8  9 10 11 12 13 14 15 16 |
---------------+-------------------------------------------------+-----
Spellcasting   | 4 5 6 7 8 10 11 12 13 15 16 17 | 17.8
Conjurations   | 5 6 7 8 9 11 12 14 16 17 19 | 19.7
Hexes          | 1 2 3 5 7 9 11 13 16 18 19 21 22 | 22.1
Translocations | 2 3 4 5 7 8 |  8.8
Invocations    | 6 |  6.0
Dodging        | |  2.4
Stealth        | |  2.4

Action                     |  1- 3 |  4- 6 |  7- 9 | 10-12 | 13-15 | 16-18 || total
---------------------------+-------+-------+-------+-------+-------+-------++-------
  Melee: Dagger            |     7 |       |    13 |    57 |    38 |       ||   115
   Cast: Magic Dart        |    80 |    65 |    65 |    22 |       |       ||   232
         Searing Ray       |     1 |    10 |    23 |     5 |       |       ||    39
         Fulminant Prism   |       |       |    32 |   118 |   226 |    50 ||   426
         Iskenderun's Myst |       |       |    31 |   100 |   353 |    21 ||   505
         Discord           |       |       |       |       |     2 |     1 ||     3
         Irradiate         |       |       |       |       |       |     1 ||     1
 Invoke: Channel Magic     |       |       |       |     1 |     5 |     3 ||     9
  Evoke: Wand              |       |       |       |       |     6 |     1 ||     7
         Tin of tremorston |       |       |       |       |       |     2 ||     2
    Use: Potion            |     1 |     2 |       |     4 |     4 |     9 ||    20
         Scroll            |     1 |     5 |     7 |    12 |    12 |     6 ||    43
   Stab: Sleeping          |       |       |       |       |     1 |       ||     1
 Armour: Robe              |     2 |     1 |    23 |    61 |    94 |       ||   181
         Leather armour    |       |       |       |       |     5 |     4 ||     9
  Dodge: Dodged            |    11 |     4 |    42 |    93 |   314 |    11 ||   475

Table legend: (Time is in decaauts)
 A = Elapsed time spent in this place.
 B = Non-inter-level travel time spent in this place.
 C = Inter-level travel time spent in this place.
 D = Time resting spent in this place.
 E = Time spent auto-exploring this place.
 F = Levels seen in this place.
 G = Mean time per level.
                   A        B        C        D        E       F      G
               +--------+--------+--------+--------+--------+-----+--------+
         Total |  33640 |  32140 |   1500 |  12397 |  14074 |  27 | 1245.9 |
       Dungeon |  18243 |  17118 |   1125 |   6148 |   8551 |  15 | 1216.2 |
          Lair |   7794 |   7592 |    202 |   2744 |   3384 |   5 | 1558.8 |
  Orcish Mines |   2420 |   2337 |     83 |   1211 |    715 |   2 | 1210.0 |
   Elven Halls |   2213 |   2125 |     88 |    758 |    937 |   2 | 1106.5 |
       Volcano |    477 |    477 |      0 |    225 |     95 |   1 |  477.0 |
        Wizlab |   1513 |   1513 |      0 |    857 |     90 |   1 | 1513.0 |
      Gauntlet |    976 |    976 |      0 |    453 |    302 |   1 |  976.0 |
               +--------+--------+--------+--------+--------+-----+--------+

Top non-repeatable levels by time:
     D:8: 2157 daAuts
  Lair:5: 2115 daAuts
    D:10: 1984 daAuts
  Lair:4: 1976 daAuts
   Elf:1: 1767 daAuts
  Lair:3: 1765 daAuts
     D:6: 1620 daAuts
   Orc:1: 1573 daAuts
  WizLab: 1513 daAuts
    D:11: 1420 daAuts
    D:13: 1331 daAuts
    D:14: 1296 daAuts
    D:15: 1262 daAuts
     D:9: 1127 daAuts
     D:5: 1109 daAuts
